 Dungeon Crawl Stone Soup version 0.30-a0-141-g30f27751c5 (webtiles) character file.

Game seed: 18272034325810074636

2615 qw the Cleaver (level 9, -3/59 HPs)
             Began as a Gargoyle Fighter on Sept 25, 2022.
             Incinerated by a deep elf pyromancer (7 damage)
             ... with a sticky flame
             ... on level 7 of the Dungeon.
             The game lasted 00:03:23 (7811 turns).

qw the Cleaver (Gargoyle Fighter)                   Turns: 7811, Time: 00:03:24

Health: -3/59      AC: 25    Str: 24    XL:     9   Next: 60%
Magic:  9/9        EV:  6    Int:  9    God:
Gold:   95         SH:  4    Dex:  9    Spells: 8/8 levels left

rFire   . . .      SeeInvis .    Y - +1 war axe
rCold   . . .      Faith    .    c - +0 buckler
rNeg    + + .      Spirit   .    b - +0 plate armour
rPois   inf        Reflect  .    o - +2 hat
rElec   +          Harm     .    j - +2 cloak
rCorr   +          Rampage  .    (no gloves)
Will    .....                    h - +0 pair of boots
Stlth   ..........               u - amulet of regeneration
HPRegen 0.99/turn                i - ring of resist corrosion
MPRegen 0.11/turn                t - ring of positive energy

@: on fire, about to teleport, glowing
A: sickness immunity, AC +6, negative energy resistance 1, electricity
resistance, torment resistance 1, petrification resistance
a: no special abilities


You were on level 7 of the Dungeon.
You visited 2 branches of the dungeon, and saw 8 of its levels.

You collected 364 gold pieces.
You spent 269 gold pieces at shops.


Innate Abilities, Weirdness & Mutations

You are immune to sickness and miasma.
Your stone body is resilient. (AC +6)
You are immune to poison.
You resist negative energy. (rN+)
You are resistant to electric shocks. (rElec)
You are resistant to unholy torment.
You are immune to petrification.


   Skills:
 - Level 8.1 Fighting
 - Level 9.0 Axes
 - Level 2.2 Throwing
 + Level 4.8 Armour
 - Level 1.0 Dodging
 - Level 4.0 Shields


You had 8 spell levels left.
You didn't know any spells.
Your spell library was empty.

Inventory:

Hand Weapons
 m - a +1 hand axe of flaming
 Y - a +1 war axe (weapon)
Missiles
 g - 8 boomerangs (quivered)
 s - 6 javelins
Armour
 b - a +0 plate armour (worn)
 c - a +0 buckler (worn)
 h - a +0 pair of boots (worn)
 j - a +2 cloak (worn)
 l - the +1 cloak "Modafeaso" {rElec rPois rC- Will++}
   (You found it on level 4 of the Dungeon)

   rC:        It makes you vulnerable to cold.
   rElec:     It insulates you from electricity.
   rPois:     It protects you from poison.
   Will:      It greatly increases your willpower.
 o - a +2 hat (worn)
Jewellery
 e - a ring of fire
 i - a ring of resist corrosion (left hand)
 t - a ring of positive energy (right hand)
 u - an amulet of regeneration (around neck)
Scrolls
 k - 3 scrolls of identify
Potions
 a - 2 potions of lignification
 d - 2 potions of might
 f - 4 potions of attraction
 n - a potion of heal wounds {unknown}
 r - 2 potions of mutation

Dungeon Overview and Level Annotations

Branches:
Dungeon (7/15)             Temple (1/1) D:6

Altars:
Cheibriados
Dithmenos
Elyvilon
Fedhas
Hepliaklqana
Makhleb
Qazlal
Trog
Uskayaw
Vehumet
Wu Jian
Yredelemnul
Zin
The Shining One

Shops:
D:2 (!   D:3 (   D:6 *


Message History

You hit the deep elf pyromancer but do no damage.
The deep elf pyromancer is moderately wounded.
You are covered in liquid flames!
The deep elf pyromancer hits you but does no damage.
You closely miss the deep elf pyromancer.
The deep elf pyromancer is moderately wounded.
The deep elf pyromancer hits you but does no damage.
You barely miss the deep elf pyromancer.
The deep elf pyromancer is moderately wounded.
The deep elf pyromancer barely misses you.
You hit the deep elf pyromancer but do no damage.
The deep elf pyromancer is moderately wounded.
The deep elf pyromancer hits you but does no damage.
The deep elf pyromancer closely misses you.
You barely miss the deep elf pyromancer.
The deep elf pyromancer is moderately wounded.
The deep elf pyromancer hits you but does no damage.
You hit the deep elf pyromancer.
The deep elf pyromancer is moderately wounded.
The deep elf pyromancer casts a spell at you.
The bolt of fire hits you!
7807 ||| READING scroll of teleportation.
As you read the scroll of teleportation, it crumbles to dust.
You feel strangely unstable.
The deep elf pyromancer hits you with a +0 long sword.
You barely miss the deep elf pyromancer.
The deep elf pyromancer is moderately wounded.
The deep elf pyromancer closely misses you.
You barely miss the deep elf pyromancer.
The deep elf pyromancer is moderately wounded.
The deep elf pyromancer hits you with a +0 long sword.
You slash the deep elf pyromancer!
The deep elf pyromancer is heavily wounded.
The deep elf pyromancer points at you and mumbles some strange words.
The sticky flame hits you but does no damage.
You are covered in liquid flames!
You closely miss the deep elf pyromancer.
The deep elf pyromancer is heavily wounded.
You are covered in liquid flames!
You die...

####### ##########.....##
#...............#
#.###########.#.# #.# +..8+ #.#.#
##.# +.e.+ #...## #..#..+.@.+
#.#..### #..#..#'''# #)##...#
##..#..#...# #)####.#
#...#..#...# #)# #.# #.#.#..#...#
#.# #.# #.#.#..#...# #.# #.#####
#.#.#..#...#..#.# #......
#.######...#..8...8..#)####......
..........................'......


You could see a deep elf pyromancer.

Vanquished Creatures
  A two-headed ogre (D:6)
  Grinder (D:5)
  An orc warrior (D:6)
  A black bear (D:6)
  3 ogres
  A centaur (D:6)
  2 phantoms
  A kobold brigand (D:7)
  A scorpion (D:6)
  A howler monkey (D:5)
  A hound (D:5)
  3 jellies
  5 orc priests
  Natasha (thrice) (D:3)
  5 iguanas
  4 orc wizards
  5 gnolls
  15 adders
  2 shadow imps (D:5)
  3 white imps
  2 ufetubi
  A worm (D:3)
  A dart slug (D:2)
  34 orcs
  5 endoplasms
  4 giant cockroaches
  5 goblins
  3 hobgoblins
  5 jackals (D:1)
  12 kobolds
  4 quokkas
  12 ball pythons
  3 bats
  4 frilled lizards
  6 rats
160 creatures vanquished.

Vanquished Creatures (others)
  A centaur (D:6)
  A plant (D:7)
2 creatures vanquished.

Grand Total: 162 creatures vanquished

Notes
Turn   | Place    | Note
-------+----------+-------------------------------------------
     0 | D:1      | qw the Gargoyle Fighter began the quest for the Orb.
     0 | D:1      | Reached XP level 1. HP: 14/14 MP: 1/1
     0 | D:1      | 0 ||| qw: Version: 0.2-a-10-g399e6c4
     0 | D:1      | 0 ||| qw: Game counter: 119
     0 | D:1      | 0 ||| qw: Always use a shield: true
     0 | D:1      | 0 ||| qw: God list: Okawaru
     0 | D:1      | 0 ||| qw: Allow faded altars: false
     0 | D:1      | 0 ||| qw: Do Orc after D:15 true
     0 | D:1      | 0 ||| qw: Do second Lair branch before Depths: true
     0 | D:1      | 0 ||| qw: Lair rune preference: random
     0 | D:1      | 0 ||| qw: Plans: Normal, Zot:1-4, God:TSO, Crypt, Tomb,
                  | Pan, Slime:5, Hells, Abyss, Orb
     0 | D:1      | 0 ||| PLANNING D:1-11
    51 | D:1      | Reached skill level 2 in Axes
    53 | D:1      | Reached XP level 2. HP: 13/19 MP: 2/2
   373 | D:1      | 373 ||| Stepping ~*~*~tactically~*~*~ (stealth).
   381 | D:1      | Reached skill level 3 in Axes
   395 | D:1      | 395 ||| Stepping ~*~*~tactically~*~*~ (stealth).
   396 | D:1      | 396 ||| Stepping ~*~*~tactically~*~*~ (stealth).
   404 | D:1      | Reached XP level 3. HP: 23/23 MP: 3/3
   591 | D:1      | Found a faded altar of an unknown god.
   746 | D:1      | 746 ||| Stepping ~*~*~tactically~*~*~ (stealth).
   748 | D:1      | 748 ||| Stepping ~*~*~tactically~*~*~ (stealth).
   914 | D:1      | 914 ||| UPGRADING to +0 cloak.
   919 | D:1      | 919 ||| UPGRADING to ring of resist corrosion.
   920 | D:1      | 920 ||| READING scroll labelled RUACKUCEER.
   921 | D:1      | 921 ||| READING 3 scrolls labelled GUMIOSHRUORO.
   922 | D:1      | 922 ||| READING 2 scrolls of identify.
   922 | D:1      | 922 ||| IDENTIFYING murky amethyst potion
  1044 | D:2      | 1044 ||| DROPPING amulet of faith.
  1045 | D:2      | 1045 ||| READING scroll labelled QAPAOTS QOJO.
  1046 | D:2      | 1046 ||| Stepping randomly (stuck).
  1047 | D:2      | 1047 ||| Stepping randomly (stuck).
  1048 | D:2      | 1048 ||| Stepping randomly (stuck).
  1049 | D:2      | 1049 ||| Stepping randomly (stuck).
  1050 | D:2      | 1050 ||| Stepping randomly (stuck).
  1051 | D:2      | 1051 ||| Stepping randomly (stuck).
  1134 | D:2      | Found Enecob's Distillery.
  1166 | D:2      | 1166 ||| BUYING potion of attraction (39 gold).
  1166 | D:2      | Bought a potion of attraction for 39 gold pieces
  1166 | D:2      | 1166 ||| SHOPLISTING potion of cancellation (104 gold, have
                  | 6).
  1166 | D:2      | 1166 ||| SHOPLISTING potion of haste (130 gold, have 6).
  1166 | D:2      | 1166 ||| SHOPLISTING potion of lignification (39 gold, have
                  | 6).
  1166 | D:2      | 1166 ||| SHOPLISTING potion of might (52 gold, have 6).
  1195 | D:2      | Reached XP level 4. HP: 19/28 MP: 4/4
  1414 | D:2      | Reached skill level 4 in Axes
  1589 | D:2      | 1589 ||| DROPPING +0 whip.
  1593 | D:2      | Found Xofrigh's Weapon Shoppe.
  1677 | D:2      | 1677 ||| READING scroll labelled DOQIARCH EL DIU.
  1678 | D:2      | 1678 ||| READING scroll labelled HUFIFO CAOGU.
  1679 | D:2      | 1679 ||| READING 2 scrolls of identify.
  1679 | D:2      | 1679 ||| IDENTIFYING purple potion
  1680 | D:2      | 1680 ||| DROPPING potion of degeneration.
  1689 | D:3      | 1689 ||| PLANNING SEWER
  1689 | D:3      | Found Kacenu's Weapon Emporium.
  1744 | D:3      | Noticed Natasha
  1746 | D:3      | 1746 ||| FLEEEEING.
  1747 | D:3      | 1747 ||| FLEEEEING.
  1748 | D:3      | 1748 ||| FLEEEEING.
  1751 | D:3      | 1751 ||| FLEEEEING.
  1752 | D:3      | 1752 ||| FLEEEEING.
  1753 | D:3      | 1753 ||| FLEEEEING.
  1754 | D:3      | 1754 ||| FLEEEEING.
  1755 | D:3      | 1755 ||| FLEEEEING.
  1756 | D:3      | 1756 ||| FLEEEEING.
  1757 | D:3      | 1757 ||| FLEEEEING.
  1758 | D:3      | 1758 ||| FLEEEEING.
  1771 | D:3      | 1771 ||| FLEEEEING.
  1832 | D:3      | 1832 ||| READING scroll of enchant armour.
  1832 | D:3      | 1832 ||| ENCHANTING +0 cloak.
  1878 | D:3      | Killed Natasha
  1932 | D:3      | Noticed Natasha
  1933 | D:3      | 1933 ||| Stepping ~*~*~tactically~*~*~ (stealth).
  1934 | D:3      | 1934 ||| Stepping ~*~*~tactically~*~*~ (stealth).
  1960 | D:3      | Killed Natasha
  1961 | D:3      | Reached XP level 5. HP: 16/32 MP: 5/5
  1994 | D:3      | Noticed Natasha
  2007 | D:3      | Killed Natasha
  2238 | D:3      | Reached skill level 5 in Axes
  2400 | D:3      | 2400 ||| RIP SEWER
  2408 | D:3      | 2408 ||| PLANNING D:1-11
  2500 | D:3      | 2500 ||| UPGRADING to +2 hat.
  2506 | D:3      | 2506 ||| READING scroll labelled VOVISAANO.
  2520 | D:3      | 2520 ||| FLEEEEING.
  2521 | D:3      | 2521 ||| FLEEEEING.
  2522 | D:3      | 2522 ||| FLEEEEING.
  2523 | D:3      | 2523 ||| FLEEEEING.
  2524 | D:3      | 2524 ||| FLEEEEING.
  2525 | D:3      | 2525 ||| FLEEEEING.
  2752 | D:3      | 2752 ||| READING scroll labelled LABIRE GIOHUISCH.
  2753 | D:3      | 2753 ||| READING scroll labelled NENILI DUUR.
  2754 | D:3      | 2754 ||| READING scroll labelled INUIXT GOJU.
  2759 | D:3      | 2759 ||| DRINKING 2 cyan potions.
  2760 | D:3      | 2760 ||| READING 2 scrolls of identify.
  2760 | D:3      | 2760 ||| IDENTIFYING bubbling white potion
  2761 | D:3      | 2761 ||| DROPPING potion of flight.
  2886 | D:4      | 2886 ||| Stepping ~*~*~tactically~*~*~ (stealth).
  2888 | D:4      | 2888 ||| Stepping ~*~*~tactically~*~*~ (hiding).
  2889 | D:4      | 2889 ||| Stepping ~*~*~tactically~*~*~ (hiding).
  2901 | D:4      | 2901 ||| Stepping ~*~*~tactically~*~*~ (stealth).
  2905 | D:4      | 2905 ||| Stepping ~*~*~tactically~*~*~ (stealth).
  2914 | D:4      | Reached XP level 6. HP: 37/38 MP: 6/6
  2920 | D:4      | Reached skill level 1 in Dodging
  3096 | D:4      | Identified the +1 cloak "Modafeaso" {rElec rPois rC-
                  | Will++}
  3099 | D:4      | Found a glowing golden altar of the Shining One.
  3099 | D:4      | Found a white marble altar of Elyvilon.
  3100 | D:4      | Found a glowing silver altar of Zin.
  3126 | D:4      | 3126 ||| Stepping ~*~*~tactically~*~*~ (hiding).
  3767 | D:4      | 3767 ||| Stepping ~*~*~tactically~*~*~ (cloud).
  3902 | D:4      | Reached skill level 1 in Throwing
  3902 | D:4      | Reached XP level 7. HP: 43/43 MP: 7/7
  3968 | D:4      | 3968 ||| READING scroll of enchant armour.
  3968 | D:4      | 3968 ||| ENCHANTING +1 cloak.
  3995 | D:4      | 3995 ||| Stepping ~*~*~tactically~*~*~ (hiding).
  4158 | D:4      | 4158 ||| READING 2 scrolls labelled AMI XUDUPI.
  4159 | D:4      | 4159 ||| READING scroll labelled URUICAO MUD POG.
  4160 | D:4      | 4160 ||| READING scroll labelled RAEQ QEH FASIQ.
  4161 | D:4      | 4161 ||| READING 4 scrolls of identify.
  4161 | D:4      | 4161 ||| IDENTIFYING sedimented grey potion
  4162 | D:4      | 4162 ||| READING 3 scrolls of identify.
  4162 | D:4      | 4162 ||| IDENTIFYING fizzy yellow potion
  4163 | D:4      | 4163 ||| READING 2 scrolls of identify.
  4163 | D:4      | 4163 ||| IDENTIFYING black potion
  4164 | D:4      | 4164 ||| DROPPING scroll of amnesia.
  4165 | D:4      | 4165 ||| DROPPING potion of magic.
  4166 | D:4      | 4166 ||| DROPPING potion of ambrosia.
  4183 | D:5      | Entered Level 5 of the Dungeon
  4201 | D:5      | Reached skill level 6 in Axes
  4601 | D:5      | Reached skill level 7 in Axes
  4645 | D:5      | 4645 ||| UPGRADING to +0 pair of boots.
  4927 | D:5      | Reached XP level 8. HP: 49/49 MP: 8/8
  4933 | D:5      | 4933 ||| UPGRADING to +0 chain mail.
  4943 | D:5      | 4943 ||| DROPPING +0 scale mail.
  4991 | D:5      | Noticed Grinder
  4992 | D:5      | 4992 ||| Stepping ~*~*~tactically~*~*~ (hiding).
  4993 | D:5      | 4993 ||| Stepping ~*~*~tactically~*~*~ (hiding).
  4999 | D:5      | 4999 ||| Stepping ~*~*~tactically~*~*~ (hiding).
  5000 | D:5      | 5000 ||| Stepping ~*~*~tactically~*~*~ (hiding).
  5026 | D:5      | Paralysed by Grinder for 2 turns
  5028 | D:5      | 5028 ||| FLEEEEING.
  5029 | D:5      | 5029 ||| FLEEEEING.
  5030 | D:5      | 5030 ||| FLEEEEING.
  5031 | D:5      | 5031 ||| FLEEEEING.
  5032 | D:5      | 5032 ||| FLEEEEING.
  5033 | D:5      | 5033 ||| FLEEEEING.
  5034 | D:5      | 5034 ||| FLEEEEING.
  5035 | D:5      | 5035 ||| FLEEEEING.
  5047 | D:5      | 5047 ||| FLEEEEING.
  5048 | D:5      | 5048 ||| FLEEEEING.
  5052 | D:5      | 5052 ||| STAIRDANCE
  5199 | D:4      | 5199 ||| READING 2 scrolls of identify.
  5199 | D:4      | 5199 ||| IDENTIFYING brown potion
  5200 | D:4      | 5200 ||| DROPPING potion of berserk rage.
  5220 | D:5      | Killed Grinder
  5456 | D:5      | 5456 ||| Stepping ~*~*~tactically~*~*~ (stealth).
  5458 | D:5      | 5458 ||| Stepping ~*~*~tactically~*~*~ (stealth).
  5476 | D:5      | 5476 ||| FLEEEEING.
  5477 | D:5      | 5477 ||| FLEEEEING.
  5478 | D:5      | 5478 ||| FLEEEEING.
  5479 | D:5      | 5479 ||| FLEEEEING.
  5480 | D:5      | 5480 ||| FLEEEEING.
  5481 | D:5      | 5481 ||| FLEEEEING.
  5482 | D:5      | 5482 ||| FLEEEEING.
  5483 | D:5      | 5483 ||| FLEEEEING.
  5484 | D:5      | 5484 ||| FLEEEEING.
  5485 | D:5      | 5485 ||| FLEEEEING.
  5486 | D:5      | 5486 ||| FLEEEEING.
  5487 | D:5      | 5487 ||| FLEEEEING.
  5488 | D:5      | 5488 ||| FLEEEEING.
  5489 | D:5      | 5489 ||| FLEEEEING.
  5490 | D:5      | 5490 ||| FLEEEEING.
  5491 | D:5      | 5491 ||| FLEEEEING.
  5492 | D:5      | 5492 ||| FLEEEEING.
  5493 | D:5      | 5493 ||| FLEEEEING.
  5494 | D:5      | 5494 ||| FLEEEEING.
  5495 | D:5      | 5495 ||| FLEEEEING.
  5496 | D:5      | 5496 ||| FLEEEEING.
  5497 | D:5      | 5497 ||| FLEEEEING.
  5498 | D:5      | 5498 ||| FLEEEEING.
  5499 | D:5      | 5499 ||| FLEEEEING.
  5500 | D:5      | 5500 ||| FLEEEEING.
  5501 | D:5      | 5501 ||| FLEEEEING.
  5502 | D:5      | 5502 ||| FLEEEEING.
  5503 | D:5      | 5503 ||| FLEEEEING.
  5504 | D:5      | 5504 ||| FLEEEEING.
  5505 | D:5      | 5505 ||| FLEEEEING.
  5506 | D:5      | 5506 ||| FLEEEEING.
  5507 | D:5      | 5507 ||| FLEEEEING.
  5508 | D:5      | 5508 ||| FLEEEEING.
  5509 | D:5      | 5509 ||| FLEEEEING.
  5510 | D:5      | 5510 ||| FLEEEEING.
  5511 | D:5      | 5511 ||| FLEEEEING.
  5512 | D:5      | 5512 ||| FLEEEEING.
  5513 | D:5      | 5513 ||| FLEEEEING.
  5514 | D:5      | 5514 ||| FLEEEEING.
  5515 | D:5      | 5515 ||| FLEEEEING.
  5516 | D:5      | 5516 ||| FLEEEEING.
  5517 | D:5      | 5517 ||| FLEEEEING.
  5518 | D:5      | 5518 ||| FLEEEEING.
  5561 | D:5      | 5561 ||| Stepping ~*~*~tactically~*~*~ (hiding).
  5577 | D:5      | Reached skill level 8 in Axes
  5694 | D:5      | Found a shadowy altar of Dithmenos.
  5694 | D:5      | Found a bloodstained altar of Trog.
  5737 | D:6      | Found a radiant altar of Vehumet.
  5745 | D:6      | 5745 ||| FLEEEEING.
  5746 | D:6      | 5746 ||| FLEEEEING.
  5747 | D:6      | 5747 ||| FLEEEEING.
  5748 | D:6      | 5748 ||| FLEEEEING.
  5751 | D:6      | 5751 ||| Stepping ~*~*~tactically~*~*~ (hiding).
  5770 | D:6      | Reached skill level 6 in Fighting
  5791 | D:6      | HP: 4/51 [orc priest/divine providence (14)]
  5792 | D:6      | 5792 ||| READING 2 scrolls of teleportation.
  5795 | D:6      | 5795 ||| READING scroll of teleportation.
  5899 | D:6      | 5899 ||| Invisible monster not found???
  6180 | D:6      | 6180 ||| Stepping ~*~*~tactically~*~*~ (stealth).
  6181 | D:6      | 6181 ||| Stepping ~*~*~tactically~*~*~ (stealth).
  6211 | D:6      | Reached XP level 9. HP: 43/55 MP: 9/9
  6218 | D:6      | 6218 ||| FLEEEEING.
  6222 | D:6      | 6222 ||| STAIRDANCE
  6377 | D:6      | Reached skill level 9 in Axes
  6504 | D:6      | 6504 ||| Stepping ~*~*~tactically~*~*~ (stealth).
  6531 | D:6      | 6531 ||| FLEEEEING.
  6534 | D:6      | 6534 ||| FLEEEEING.
  6535 | D:6      | 6535 ||| FLEEEEING.
  6536 | D:6      | 6536 ||| FLEEEEING.
  6537 | D:6      | 6537 ||| FLEEEEING.
  6538 | D:6      | 6538 ||| FLEEEEING.
  6539 | D:6      | 6539 ||| FLEEEEING.
  6540 | D:6      | 6540 ||| FLEEEEING.
  6616 | D:6      | 6616 ||| Stepping ~*~*~tactically~*~*~ (stealth).
  6618 | D:6      | 6618 ||| Stepping ~*~*~tactically~*~*~ (stealth).
  6859 | D:6      | Found Fuosh's Assorted Antiques.
  6867 | D:6      | 6867 ||| BUYING blackened pearl ring (115 gold).
  6867 | D:6      | Bought a blackened pearl ring for 115 gold pieces
  6867 | D:6      | 6867 ||| BUYING diamond ring (115 gold).
  6867 | D:6      | Bought a diamond ring for 115 gold pieces
  6867 | D:6      | 6867 ||| SHOPLISTING scroll of identify (46 gold, have 39).
  6877 | D:6      | Found a stormy altar of Qazlal.
  7001 | D:6      | Noticed a two-headed ogre
  7013 | D:6      | Killed a two-headed ogre
  7255 | D:6      | Found a staircase to the Ecumenical Temple.
  7256 | D:6      | 7256 ||| PLANNING TEMPLE
  7256 | D:6      | 7256 ||| UPGRADING to +0 plate armour.
  7266 | D:6      | 7266 ||| DROPPING +0 chain mail.
  7267 | D:6      | 7267 ||| DROPPING scarf of harm.
  7268 | D:6      | 7268 ||| UPGRADING to amulet of regeneration.
  7273 | D:6      | 7273 ||| DROPPING ring of flight.
  7274 | D:6      | 7274 ||| UPGRADING to ring of positive energy.
  7275 | D:6      | 7275 ||| READING scroll labelled KUEWKU XUIFA.
  7285 | Temple   | Entered the Ecumenical Temple
  7478 | Temple   | 7478 ||| PLANNING D:1-11
  7788 | D:7      | Noticed a deep elf pyromancer
  7806 | D:7      | HP: 9/59 [deep elf pyromancer/bolt of fire (16)]
  7807 | D:7      | 7807 ||| READING scroll of teleportation.
  7809 | D:7      | HP: 3/59 [deep elf pyromancer/+0 long sword (6)]
  7811 | D:7      | Incinerated by a deep elf pyromancer

Levels and vault maps discovered:
D:1:      wander_arrival_desolate, layout_basic, basic_ecumenical_altar
D:2:      minmay_chambers_of_ones, layout_rooms, serial_shops, shop,
          nicolae_lakefront_shop, minmay_strange_pillars
D:3:      layout_basic, cheibrodos_sewer_entry_bend, serial_shops,
          shop_fountains, nrook_campfire, uniq_natasha
D:4:      layout_basic, good_gods_temple_1, chequers_serial_rivers_marsh,
          minmay_snake_closets
D:5:      layout_basic, gammafunk_temple_overflow_elements,
          hangedman_glass_teeth, grunt_ministairs_10, uniq_grinder
D:6:      layout_basic, minmay_temple_entry_poolview, hangedman_feature_mirror,
          nicolae_stop_n_shop_1, grunt_ministairs_14
D:7:      layout_basic, guppyfry_early_elven_hall, uniq_duvessa, uniq_maggie
Temple:   chequers_temple_sunken

Skill      XL: |  1  2  3  4  5  6  7  8  9 |
---------------+----------------------------+-----
Axes           | 2 3 4 5 7 8 9 |  9.0
Fighting       | 4 5 6 8 |  8.1
Dodging        | 1 |  1.0
Throwing       | 1 2 |  2.2
Armour         | 4 |  4.8
Shields        | 4 |  4.0

Action                   |  1- 3 |  4- 6 |  7- 9 || total
-------------------------+-------+-------+-------++-------
Melee: War axe           |   108 |   234 |   321 ||   663
Throw: Javelin           |       |     3 |    29 ||    32
       Boomerang         |       |       |     3 ||     3
  Use: Scroll            |     4 |     9 |    12 ||    25
       Potion            |       |     1 |       ||     1
Armor: Scale mail        |    73 |   136 |    45 ||   254
       Chain mail        |       |       |   172 ||   172
       Plate armour      |       |       |    14 ||    14
Dodge: Dodged            |    61 |   113 |   119 ||   293
Block: Buckler           |    19 |    45 |    43 ||   107

Table legend:
 A = Non-vault XP
 B = Vault XP
 C = Vault XP percentage of total XP
 D = Non-vault monster count
 E = Vault monster count
 F = Vault count percentage of total count
                 A         B        C        D         E       F
            +---------+---------+-------+---------+---------+-------
      Total |    3166 |     570 |  15.3 |     137 |      24 |  14.9
            +---------+---------+-------+---------+---------+-------
        D:1 |      50 |       0 |   0.0 |      23 |       0 |   0.0
        D:2 |      59 |       9 |  13.2 |      13 |       5 |  27.8
        D:3 |     108 |      41 |  27.5 |      16 |       2 |  11.1
        D:4 |     294 |      88 |  23.0 |      25 |      10 |  28.6
        D:5 |     618 |     420 |  40.5 |      28 |       3 |   9.7
        D:6 |    1940 |      12 |   0.6 |      26 |       4 |  13.3
        D:7 |      97 |       0 |   0.0 |       6 |       0 |   0.0
            +---------+---------+-------+---------+---------+-------
